 Dungeon Crawl Stone Soup version 0.32-a0-422-g28b100f618 (webtiles) character file.

Game seed: 16281078628288699653

776 sanka the Toxicologist (level 7, -2/45 (46) HPs)
             Began as a Merfolk Alchemist on Feb 21, 2024.
             Was a Follower of Vehumet.
             Killed by miscasting Sticky Flame (10 damage)
             ... on level 6 of the Dungeon.
             The game lasted 00:06:57 (5091 turns).

sanka the Toxicologist (Merfolk Alchemist)          Turns: 5091, Time: 00:06:57

HP:   -2/45 (46)    AC:  3    Str:  8    XL:     7   Next: 84%
MP:   15/19         EV: 12    Int: 17    God:    Vehumet [*.....]
Gold: 35            SH:  5    Dex: 14    Spells: 1/10 levels left

rFire   . . .        b - +3 short sword
rCold   . . .        (no shield)
rNeg    . . .        n - +0 robe
rPois   .            d - +1 hat
rElec   .            (no cloak)
rCorr   .            (no gloves)
SInv    .            (no boots)
Will    +....        p - amulet of reflection
Stlth   ++           m - ring of magical power
HPRegen 0.27/turn    o - ring of willpower
MPRegen 0.16/turn

%: reflection
@: very slightly contaminated, lightly drained
A: (nimble swimmer 2), mertail
a: Renounce Religion


You were on level 6 of the Dungeon.
You worshipped Vehumet.
Vehumet was aware of your devotion.
You visited 1 branch of the dungeon, and saw 7 of its levels.

You collected 140 gold pieces.
You spent 105 gold pieces at shops.


Innate Abilities, Weirdness & Mutations

((You are very nimble when in or above water. (Stealth+, EV+, Speed+++)))
Your lower body shifts to a powerful aquatic tail in water.


   Skills:
 - Level 2.6 Dodging
 - Level 2.1 Stealth
 + Level 2.2 Spellcasting
 - Level 1.0 Conjurations
 * Level 1.0 Fire Magic
 + Level 11.3 Alchemy


You had one spell level left.
You knew the following spells:

 Your Spells              Type           Power      Damage    Failure   Level
x - Sticky Flame          Fire/Alch      22%        2d6       14%         4
z - Sting                 Conj/Alch      88%        1d8       1%          1
X - Olgreb's Toxic Radia  Alch           40%        N/A       1%          4

Your spell library contained the following spells:

 Spells                   Type           Power      Damage    Failure   Level
 Sandblast                Erth           2%         2d4       19%         1
 Mercury Vapours          Alch/Air       42%        N/A       2%          2
 Mephitic Cloud           Conj/Alch/Air  15%        N/A       11%         3

Inventory:

Hand Weapons
 a - a +0 dagger of draining
 b - a +3 short sword (weapon)
Armour
 d - a +1 hat (worn)
 n - a +0 robe (worn)
Jewellery
 m - a ring of magical power (left hand)
 o - a ring of willpower (right hand)
 p - an amulet of reflection (around neck)
Scrolls
 c - a scroll of enchant weapon {unknown}
 e - 2 scrolls of identify {unknown}
 h - a scroll of fear {unknown}
 i - 2 scrolls of immolation {unknown}
 j - 2 scrolls of blinking
 k - 4 scrolls of teleportation {@r4}
Potions
 f - a potion of attraction {unknown}
 g - 2 potions of curing {unknown}
 l - 3 potions of magic

Dungeon Overview and Level Annotations

Branches:
Dungeon (7/15)
 Temple: D:4-7

Altars:
Fedhas
Ru
Sif Muna
Trog
Uskayaw
Vehumet
Wu Jian
Yredelemnul

Shops:
D:3 ?

Annotations:
D:5 Grinder

.........▒▒▒▒.......▒
.........▒........▒.▒
.........▒.▒▒.▒▒▒.▒.▒
.........▒.▒▒.▒...▒.▒
.........▒.▒▒.▒.▒▒▒.▒
.........▒.▒▒....▒▒.▒
.........▒.▒▒▒▒▒....▒
.▒▒▒▒▒▒▒▒▒.▒▒▒▒▒.▒..▒
.......)........m▒..▒
.▒▒▒▒▒▒▒▒.....z.z...▒▒▒▒
.▒ ▒▒..▒▒▒▒▒.▒..)..▒ ▒▒
▒..▒▒ ▒.▒▒▒▒▒.▒
▒▒▒▒▒▒▒..▒ ▒.▒ ▒.▒
▒........▒ ▒.▒ ▒.▒
▒.▒▒▒▒▒▒.▒ ▒.▒▒▒▒▒.▒
▒▒.▒▒▒▒▒▒.▒ ▒.......▒
..........▒ ▒▒▒▒▒▒▒▒▒


You could see 2 wights.


Message History

Your life force feels restored.
Your Fire Magic skill increases to level 1!
Unknown command.
Your magical contamination has completely faded away.
Unknown command.
There is a stone staircase leading down here.
You climb downwards.
There is a stone staircase leading up here.
Unknown command.
You start resting.
HP restored.
Magic restored.
You climb upwards.
The wight hits you from afar with a +0 halberd.
You feel drained.
The wight hits you with a +5 flail of freezing!
The wight freezes you.
The wight hits you from afar with a +0 halberd!
The wight hits you with a +5 flail of freezing!
* * * LOW HITPOINT WARNING * * *
The wight freezes you.
* * * LOW HITPOINT WARNING * * *
There is a stone staircase leading down here.
Aiming: Sticky Flame (quite dangerous; 14% risk of failure)
Press: ? - help, Shift-Dir - straight line, f - wight
Aim: a wight, wielding a +5 flail of freezing and wearing a +0 robe You miscast Sticky Flame.
You are very lightly contaminated with residual magic.
Sparks fly from your hands!
You die...

Action                     |  1- 3 |  4- 6 |  7- 9 || total
---------------------------+-------+-------+-------++-------
  Melee: Unarmed           |    24 |       |       ||    24
         Short sword       |       |    34 |       ||    34
         Dagger            |       |     7 |     2 ||     9
   Cast: Sting             |    49 |   110 |    20 ||   179
         Olgreb's Toxic Ra |       |     4 |     2 ||     6
         Sticky Flame      |       |       |     1 ||     1
   Stab: Sleeping          |       |     1 |       ||     1
 Armour: Robe              |    14 |    87 |    20 ||   121
  Dodge: Dodged            |    28 |    90 |     8 ||   126

Levels and vault maps discovered:
D:1:      ldierk_walled_garden, layout_loops_ring
D:2:      layout_basic, basic_altar, bh_walls_and_bars
D:3:      layout_loops_cross, minmay_overflow_temple_hex,
          mainiacjoe_overflow_alcove_1, shapermc_ecumenical_altar_notcrosses,
          serial_shops, nicolae_shop_tiny_statue_garden, goddamned_bats
D:4:      layout_basic, kennysheep_vampire_church, ebering_ghost_sewer_d,
          uniq_pikel
D:5:      kennysheep_spiral_hall, layout_basic, kennysheep_mini_moat,
          nicolae_hepliaklqana_monster_ancestors, uniq_grinder
D:6:      layout_basic, mainiacjoe_overflow_surrounded_room,
          mainiacjoe_overflow_divided_tiny, chequers_decorated_corner,
          chequers_serial_rivers_room_b, uniq_menkaure
D:7:      layout_basic, temple_green

Notes
Turn   | Place    | Note
-------+----------+-------------------------------------------
     0 | D:1      | sanka the Merfolk Alchemist began the quest for the Orb.
     0 | D:1      | Reached XP level 1. HP: 13/13 MP: 3/3
    51 | D:1      | Reached skill level 1 in Conjurations
   143 | D:1      | Reached XP level 2. HP: 19/19 MP: 0/5
   380 | D:1      | Reached skill level 5 in Alchemy
   694 | D:1      | Reached XP level 3. HP: 24/24 MP: 2/6
  1143 | D:2      | Found a blossoming altar of Fedhas.
  1335 | D:2      | Reached skill level 6 in Alchemy
  1525 | D:2      | Reached XP level 4. HP: 30/30 MP: 4/7
  2562 | D:3      | Reached skill level 7 in Alchemy
  2565 | D:3      | Reached XP level 5. HP: 22/35 MP: 0/8
  2638 | D:3      | Found Nauf Tial's Magic Scroll Shoppe.
  2665 | D:3      | Found a faded altar of an unknown god.
  2803 | D:3      | Learned a level 4 spell: Olgreb's Toxic Radiance
  3110 | D:3      | Reached skill level 8 in Alchemy
  3208 | D:3      | Found an ornate altar of the Wu Jian Council.
  3245 | D:3      | Found a basalt altar of Yredelemnul.
  3245 | D:3      | Found a sacrificial altar of Ru.
  3245 | D:3      | Found a hide-covered altar of Uskayaw.
  3245 | D:3      | Found a shimmering blue altar of Sif Muna.
  3337 | D:3      | Found a radiant altar of Vehumet.
  3337 | D:3      | Found a bloodstained altar of Trog.
  3346 | D:3      | Became a worshipper of Vehumet
  3571 | D:3      | Reached XP level 6. HP: 40/41 MP: 9/9
  3650 | D:3      | Reached skill level 9 in Alchemy
  4076 | D:3      | Bought a scroll of blinking for 75 gold pieces
  4076 | D:3      | Bought a scroll of teleportation for 30 gold pieces
  4115 | D:7      | Identified the +1 ring mail "Wiutwomp" {Rampage rPois
                  | Regen+ Int-5}
  4129 | D:7      | Reached * piety under Vehumet
  4129 | D:7      | Offered knowledge of Sandblast by Vehumet.
  4302 | D:7      | Reached skill level 10 in Alchemy
  4302 | D:7      | Reached XP level 7. HP: 14/46 MP: 6/10
  4632 | D:6      | Reached skill level 11 in Alchemy
  4655 | D:5      | Entered Level 5 of the Dungeon
  4656 | D:5      | Noticed Grinder
  4685 | D:5      | Paralysed by Grinder for 5 turns
  4815 | D:6      | Learned a level 4 spell: Sticky Flame
  5048 | D:6      | Reached skill level 1 in Fire Magic
  5091 | D:6      | Killed by miscasting Sticky Flame

Vanquished Creatures
  A scorpion (D:7)
  A wight (D:6)
  4 killer bees (D:7)
  A vampire bat (D:3)
  A bombardier beetle (D:3)
  A hound (D:6)
  An orc priest (D:3)
  2 iguanas
  6 adders
  A white imp (D:7)
  2 ufetubi (D:6)
  2 ribbon worms (D:2)
  2 dart slugs
  3 fire bats (D:3)
  9 orcs
  2 spectral bats (D:3)
  11 bats
  3 bat skeletons (D:3)
  A bat zombie (D:3)
  6 endoplasms
  2 giant cockroaches
  4 goblins
  6 hobgoblins
  3 jackals (D:2)
  A quokka (D:1)
  6 ball pythons
  A bat simulacrum (D:3)
  3 frilled lizards
  3 kobolds
  4 rats
93 creatures vanquished.
